 Dungeon Crawl Stone Soup version 0.17.0-24-gcfadda4 (console) character file.

113 Kloppie the Skirmisher (level 4, -1/42 HPs)
             Began as a Minotaur Fighter on Nov 17, 2015.
             Slain by an orc wizard
             ... wielding a +2 dagger of venom
              (3 damage)
             ... on level 3 of the Dungeon.
             The game lasted 00:03:00 (1660 turns).

Kloppie the Skirmisher (Minotaur Fighter)           Turns: 1660, Time: 00:03:00

Health: -1/42      AC:  6    Str: 21    XL:     4   Next: 65%
Magic:  3/3        EV:  7    Int:  5    God:
Gold:   126        SH:  0    Dex: 10    Spells: 0 memorised, 3 levels left

rFire  . . .     SeeInvis .     a - +0 war axe
rCold  . . .     Clarity  .     b - +0 scale mail
rNeg   . . .     SustAt   .     c - +0 shield
rPois  .         Gourm    .     (helmet restricted)
rElec  .         Spirit   .     (no cloak)
rCorr  .         Warding  .     (no gloves)
rMut   .         Stasis   .     (no boots)
MR     .....                    (no amulet)
Stlth  ..........               (no ring)
                                (no ring)

@: confused, lethally poisoned (-1 -> -36), not resistant to hostile
enchantments, extremely unstealthy
A: retaliatory headbutt, horns 2
a: no special abilities


You were on level 3 of the Dungeon.
You were not hungry.

You visited 1 branch of the dungeon, and saw 3 of its levels.

You collected 126 gold pieces.

Inventory:

Hand Weapons
 a - a +0 war axe (weapon)
Armour
 b - a +0 scale mail (worn)
 c - a +0 shield (worn)
Jewellery
 j - an uncursed ring of positive energy {unknown}
Wands
 o - a wand of polymorph (14)
Scrolls
 f - 3 scrolls of remove curse {unknown}
 g - a scroll of identify {unknown}
 h - 4 scrolls of immolation {unknown}
 l - a scroll of noise {unknown}
 m - 3 scrolls of fog {unknown}
 n - a scroll of blinking {unknown}
Potions
 d - a potion of might
 q - a potion of poison {unknown}
Comestibles
 e - a bread ration
 i - a meat ration
 k - a chunk of flesh
 p - a slice of pizza


   Skills:
 + Level 5.2 Fighting
 + Level 4.5 Axes
 - Level 3.6 Armour
 - Level 3.6 Shields


You had 3 spell levels left.
You didn't know any spells.

Dungeon Overview and Level Annotations

Branches:
Dungeon (3/15)

Altars:


Innate Abilities, Weirdness & Mutations

You reflexively headbutt those who attack you in melee.
You have a pair of horns on your head.


Message History

You feel sick.
You hear some strange, mumbled words.
You are more confused.
* * * LOW HITPOINT WARNING * * *
You feel sick. Something hits you but does no damage.
* * * LOW HITPOINT WARNING * * *
You feel sick. Something hits you but does no damage.
You are more poisoned.
* * * LOW HITPOINT WARNING * * *
You feel very sick.
You hear some strange, mumbled words.
Something tries to affect you, but you resist.
* * * LOW HITPOINT WARNING * * *
You feel sick. Something hits you but does no damage.
You are more poisoned.
You're too confused to move!
* * * LOW HITPOINT WARNING * * *
You feel very sick. Something hits you.
You die...

#............ ##. ..#....
##........#.. .. .>.....
.....).....# #.#.####..
...$...#..#####... ####.
#.......##...#..# #<...
##.....!..#.#....###....
#[...))).....#.#....†...
#....{)...#............
#####.##..@................
...........######..........
####.................>....
##..######..............
#...# #.............. #..##
#...........###
..###..#######......######
..............#......####
###...#....##...........#


There were no monsters in sight!

Vanquished Creatures
  Terence (D:2)
  3 adders (D:2)
  3 giant geckos
  5 orcs (D:3)
  A bat (D:1)
  2 giant cockroaches (D:1)
  6 goblins
  8 hobgoblins
  4 jackals (D:1)
  2 ball pythons (D:2)
  6 giant newts
  6 kobolds
  5 rats
52 creatures vanquished.

Notes
Turn   | Place    | Note
--------------------------------------------------------------
     0 | D:1      | Kloppie the Minotaur Fighter began the quest for the Orb.
     0 | D:1      | Reached XP level 1. HP: 19/19 MP: 0/0
   249 | D:1      | Reached XP level 2. HP: 27/27 MP: 1/1
   439 | D:1      | Reached skill level 4 in Fighting
   799 | D:2      | Noticed Terence
   805 | D:2      | Killed Terence
   805 | D:2      | Reached XP level 3. HP: 27/34 MP: 2/2
   915 | D:2      | Reached XP level 4. HP: 25/41 MP: 3/3
  1270 | D:2      | Reached skill level 5 in Fighting
  1632 | D:3      | Found a faded altar to an unknown god.
  1660 | D:3      | HP: 2/42 [poisoned by an orc wizard]
  1660 | D:3      | Slain by an orc wizard

Action                   |  1- 3 |  4- 6 || total
-------------------------+-------+-------++-------
Melee: War axe           |    54 |    37 ||    91
  Eat: Chunk             |       |     2 ||     2
